 Dungeon Crawl Stone Soup version 0.30-a0-737-gf23d94013f (webtiles) character file.

Game seed: 8257694214457065006

190 mopl the Stinger (level 6, 0/41 HPs)
             Began as a Formicid Venom Mage on Feb 2, 2023.
             Slain by an orc
             ... wielding a +0 flail
              (8 damage)
             ... on level 3 of the Dungeon.
             The game lasted 00:03:52 (2115 turns).

mopl the Stinger (Formicid Venom Mage)              Turns: 2115, Time: 00:03:53

Health: 0/41       AC:  2    Str: 14    XL:     6   Next: 1%
Magic:  2/10       EV: 12    Int: 15    God:
Gold:   108        SH:  0    Dex: 14    Spells: 3/11 levels left

rFire   . . .      SeeInvis +    u - +3 whip
rCold   . . .      Faith    .    (no shield)
rNeg    . . .      Spirit   .    a - +0 robe
rPois   .          Reflect  .    (helmet unavailable)
rElec   .          Harm     .    (no cloak)
rCorr   .          Rampage  .    (no gloves)
Will    .....                    (no boots)
Stlth   ++                       (no amulet)
HPRegen 0.26/turn                (no ring)
MPRegen 0.12/turn                (no ring)

@: no status effects
A: permanent stasis, dig shafts and tunnels, antennae 3, four strong arms
a: Dig, Shaft Self


You were on level 3 of the Dungeon.
You visited 1 branch of the dungeon, and saw 3 of its levels.

You collected 108 gold pieces.

Inventory:

Hand Weapons
 i - a +0 spear
 t - a +0 hand axe
 u - a +3 whip (weapon)
Missiles
 g - 2 javelins
Armour
 a - a +0 robe (worn)
 e - an orb of energy
Magical Staves
 r - a staff of cold
Jewellery
 c - a ring of protection from fire
Scrolls
 d - 2 scrolls of enchant armour {unknown}
 h - a scroll of poison {unknown}
 j - a scroll of blinking {unknown}
 l - a scroll of enchant weapon {unknown}
 n - 6 scrolls of identify {unknown}
 o - 2 scrolls of vulnerability {unknown}
 p - a scroll of fog {unknown}
 s - 3 scrolls of immolation {unknown}
Potions
 b - a potion of magic
 f - 3 potions of curing {unknown}
 k - 2 potions of attraction {unknown}
 m - a potion of lignification {unknown}
 q - a potion of heal wounds {unknown}
 v - a potion of haste {unknown}


   Skills:
 + Level 2.9 Axes
 - Level 1.7 Dodging
 - Level 2.4 Stealth
 - Level 3.0 Spellcasting
 - Level 1.1 Transmutations
 + Level 6.4 Poison Magic


You had 3 spell levels left.
You knew the following spells:

 Your Spells              Type           Power      Damage    Failure   Level
a - Sting                 Tmut/Pois      52%        1d5       4%          1
d - Mephitic Cloud        Conj/Pois/Air  8%         N/A       26%         3
o - Olgreb's Toxic Radia  Pois           21%        N/A       14%         4

Your spell library contained the following spells:

 Spells                   Type           Power      Damage    Failure   Level
 Poisonous Vapours        Pois/Air       22%        N/A       9%          2


Dungeon Overview and Level Annotations

Branches:
Dungeon (3/15)

Altars:


Innate Abilities, Weirdness & Mutations

You cannot be hasted, slowed, berserked, paralysed or teleported.
You can dig through walls and to a lower floor.
You have a pair of large antennae on your head. (SInv)
Your four strong arms can wield two-handed weapons with a shield.


Message History

* * * LOW HITPOINT WARNING * * *
Unknown command.
Casting: Sting (safe; 4% risk of failure)
Confirm with . or Enter, or press ? or * to list all spells.
Aiming: Sting (safe; 4% risk of failure)
Press: ? - help, Shift-Dir - straight line, f/p - white imp
Aim: a white imp (moderately wounded, poisoned, 71% to hit)
The sting hits the white imp.
The white imp partially resists.
The white imp is moderately wounded.
The white imp completely misses you.
Unknown command.
You hit the white imp but do no damage.
The white imp is moderately wounded.
The white imp barely misses you.
You hit the white imp but do no damage.
The white imp is heavily wounded.
The white imp barely misses you.
You hit the white imp.
The white imp is almost dead.
The white imp barely misses you.
You barely miss the white imp.
The white imp is almost dead.
You kill the white imp!
You have reached level 6!
Casting: Sting (safe; 4% risk of failure)
Confirm with . or Enter, or press ? or * to list all spells.
Aiming: Sting (safe; 4% risk of failure)
Press: ? - help, Shift-Dir - straight line, f - orc
Aim: an orc, wielding a +0 flail (71% to hit)
The sting hits the orc.
The orc is poisoned.
The orc is moderately wounded.
The orc closely misses you.
Unknown command.
You closely miss the orc.
The orc is severely wounded.
The orc closely misses you.
You barely miss the orc.
The orc is severely wounded.
The orc hits you with a +0 flail!
You die...

#### #... ###########
####... #......o@.#####
##.....#
..###..##.....####.###..#
##)##..#####...).## ##..
#)...5.?..###..#)# #..
##..)o###..##..#.# ##.#
#...... .##.....###..#
.........# .............
..#......## #...#.......#
#..##....###
#...###..#...


You could see an orc (poisoned).

Vanquished Creatures
  An ogre (D:3)
  4 adders
  A white imp (D:3)
  3 worms (D:2)
  2 dart slugs (D:1)
  6 orcs (D:3)
  A giant cockroach (D:2)
  5 hobgoblins
  6 kobolds
  A quokka (D:2)
  7 ball pythons
  6 bats
  A frilled lizard (D:3)
  3 goblins
  3 rats
50 creatures vanquished.

Notes
Turn   | Place    | Note
-------+----------+-------------------------------------------
     0 | D:1      | mopl the Formicid Venom Mage began the quest for the Orb.
     0 | D:1      | Reached XP level 1. HP: 13/13 MP: 3/3
   166 | D:1      | Reached XP level 2. HP: 19/19 MP: 2/5
   875 | D:2      | Found a faded altar of an unknown god.
   987 | D:2      | Reached XP level 3. HP: 21/24 MP: 2/7
  1061 | D:2      | Reached skill level 3 in Spellcasting
  1130 | D:2      | Learned a level 3 spell: Mephitic Cloud
  1226 | D:2      | Reached skill level 5 in Poison Magic
  1427 | D:2      | Reached skill level 1 in Axes
  1427 | D:2      | Reached XP level 4. HP: 30/30 MP: 4/8
  1454 | D:2      | Learned a level 4 spell: Olgreb's Toxic Radiance
  1868 | D:3      | Noticed an ogre
  1959 | D:3      | Killed an ogre
  1960 | D:3      | Reached skill level 2 in Axes
  1960 | D:3      | Reached skill level 6 in Poison Magic
  1960 | D:3      | Reached XP level 5. HP: 18/35 MP: 4/9
  2113 | D:3      | Reached XP level 6. HP: 7/41 MP: 3/10
  2115 | D:3      | Slain by an orc

Illustrated notes

Levels and vault maps discovered:
D:1:      amcnicky_arrival_feature_with_door, layout_loops_corners,
          serial_glass, glass_columns_a, glass_columns_b, due_unseen_surprise,
          item_on_display_a, minmay_strange_pillars
D:2:      layout_loops_cross, hellmonk_ecumenical_altar_arch_garden
D:3:      layout_loops_ring, serial_shops, nicolae_diamond_shop,
          minmay_three_crescents

Skill      XL: |  1  2  3  4 |
---------------+-------------+-----
Spellcasting   | 3 |  3.0
Poison Magic   | 5 6 |  6.4
Axes           | 1 2 |  2.9
Dodging        | |  1.7
Stealth        | |  2.4
Transmutations | |  1.1

Action                     |  1- 3 |  4- 6 || total
---------------------------+-------+-------++-------
  Melee: Unarmed           |     6 |       ||     6
         Spear             |     9 |       ||     9
         Staff             |    10 |       ||    10
         Hand axe          |    10 |     5 ||    15
         Whip              |       |    34 ||    34
   Cast: Sting             |    39 |    34 ||    73
Ability: Dig               |     1 |       ||     1
   Stab: Sleeping          |     1 |     1 ||     2
 Armour: Robe              |     7 |     4 ||    11
  Dodge: Dodged            |    37 |    37 ||    74

Table legend: (Time is in decaauts)
 A = Elapsed time spent in this place.
 B = Non-inter-level travel time spent in this place.
 C = Inter-level travel time spent in this place.
 D = Time resting spent in this place.
 E = Time spent auto-exploring this place.
 F = Levels seen in this place.
 G = Mean time per level.
                   A        B        C        D        E       F      G
               +--------+--------+--------+--------+--------+-----+--------+
         Total |   2120 |   2045 |     75 |    290 |   1296 |   3 |  706.7 |
       Dungeon |   2120 |   2045 |     75 |    290 |   1296 |   3 |  706.7 |
               +--------+--------+--------+--------+--------+-----+--------+

Top non-repeatable levels by time:
     D:2: 970 daAuts
     D:1: 855 daAuts
     D:3: 294 daAuts
